 Dungeon Crawl Stone Soup version 0.31-a0-948-gf5be29c462 (webtiles) character file.

Game seed: 2899058329274645490

1064 BinkBink the Magician (level 8, -3/41 HPs)
             Began as a Deep Elf Air Elementalist on Oct 21, 2023.
             Slain by a water moccasin (4 damage)
             ... on level 5 of the Dungeon.
             The game lasted 00:07:42 (4989 turns).

BinkBink the Magician (Deep Elf Air Elementalist)   Turns: 4989, Time: 00:07:42

Health: -3/41      AC:  2    Str:  5    XL:     8   Next: 6%
Magic:  11/21      EV: 13    Int: 23    God:
Gold:   291        SH:  0    Dex: 21    Spells: 18/22 levels left

rFire   . . .        (no weapon)
rCold   . . .        (no shield)
rNeg    . . .        a - +0 robe
rPois   .            (no helmet)
rElec   .            (no cloak)
rCorr   .            (no gloves)
SInv    .            (no boots)
Will    +....        (no amulet)
Stlth   ++           e - +6 ring of dexterity
HPRegen 0.26/turn    q - ring of willpower
MPRegen 0.17/turn

%: no passive effects
@: lethally poisoned (-3 -> -20), swift, attractive, quick
A: no striking features
a: no special abilities


You were on level 5 of the Dungeon.
You visited 1 branch of the dungeon, and saw 5 of its levels.

You collected 291 gold pieces.

Inventory:

Hand Weapons
 p - a +5 short sword of freezing
Armour
 a - a +0 robe (worn)
Magical Staves
 g - a staff of conjuration
Jewellery
 e - a +6 ring of dexterity (left hand)
 q - a ring of willpower (right hand)
 u - a ring of resist corrosion
Wands
 m - a wand of flame (7)
Scrolls
 d - a scroll of fog {unknown}
 f - 4 scrolls of identify {unknown}
 k - a scroll of immolation {unknown}
 l - 2 scrolls of teleportation {unknown}
 o - a scroll of noise {unknown}
 r - a scroll of blinking {unknown}
 t - a scroll of brand weapon {unknown}
Potions
 b - 2 potions of magic
 s - 2 potions of degeneration {unknown}


   Skills:
 - Level 2.4 Dodging
 - Level 2.4 Stealth
 + Level 7.7 Spellcasting
 + Level 5.9 Conjurations
 + Level 6.2 Air Magic


You had 18 spell levels left.
You knew the following spells:

 Your Spells              Type           Power      Damage    Failure   Level
a - Shock                 Conj/Air       100%       1d9       1%          1
b - Swiftness             Air            37%        N/A       1%          3

Your spell library contained the following spells:

 Spells                   Type           Power      Damage    Failure   Level
 Static Discharge         Conj/Air       72%        3-6/arc   1%          2
 Cigotuvi's Dreadful Rot  Necr/Pois/Air  36%        N/A       4%          2
 Airstrike                Air            18%        2d(3-19)  5%          4
 Wereblood                Tmut           8%         N/A       11%         2
 Irradiate                Conj/Tmut      11%        3d15      52%         5
 Dispel Undead            Necr           8%         3d8       56%         4
 Death Channel            Necr           4%         N/A       100%        6


Dungeon Overview and Level Annotations

Branches:
Dungeon (5/15)
 Temple: D:4-7

Altars:
Fedhas

Shops:
D:2 (

Annotations:
D:5 1 runed translucent door, Crazy Yiuf


Message History

The water moccasin poisons you!
Casting: Shock (safe; 1% risk of failure)
Confirm with . or Enter, or press ? or * to list all spells.
Aiming: Shock (safe; 1% risk of failure)
Press: ? - help, Shift-Dir - straight line, f/p - water moccasin
Aim: a water moccasin (moderately wounded, 57% to hit)
The zap hits the water moccasin!
The water moccasin is heavily wounded.
The zap misses the iguana.
You feel very sick. The water moccasin closely misses you.
The water moccasin barely misses you.
Casting: Shock (safe; 1% risk of failure)
Confirm with . or Enter, or press ? or * to list all spells.
Aiming: Shock (safe; 1% risk of failure)
Press: ? - help, Shift-Dir - straight line, f/p - water moccasin
Aim: a water moccasin (heavily wounded, 57% to hit)
The zap misses the water moccasin.
The zap hits the iguana.
The iguana is heavily wounded.
You feel very sick. The water moccasin bites you!
You are more poisoned.
The water moccasin poisons you!
Casting: Shock (safe; 1% risk of failure)
Confirm with . or Enter, or press ? or * to list all spells.
Aiming: Shock (safe; 1% risk of failure)
Press: ? - help, Shift-Dir - straight line, f/p - water moccasin
Aim: a water moccasin (heavily wounded, 57% to hit)
The zap misses the water moccasin.
The zap hits the iguana.
The iguana is almost dead.
* * * LOW HITPOINT WARNING * * *
You feel extremely sick. The water moccasin bites you.
* * * LOW HITPOINT WARNING * * *
The water moccasin barely misses you.
It was a potion of attraction.
You feel attractive to monsters.
* * * LOW HITPOINT WARNING * * *
You feel very sick. The water moccasin bites you.
You die...

##(######.######.# #.#
#.######.####### #.#
#.######.#######
##.######.######.#######
....[.....######.#######
##.#############.#######
#.# #######.####### #.#
#######.####### ##.#
#######@####### >..#
*#######S####### ##.#
**...####l####### #.#
*,....###.####### #.#
*,....l...####### #.#
*,....########### #.#
**...############ ###
*############### ####


You could see a water moccasin and an iguana.

Vanquished Creatures
  Prince Ribbit (D:5)
  Blork the orc (D:5)
  4 scorpions (D:5)
  3 wights (D:4)
  A hound (D:5)
  An orc priest (D:5)
  A sleepcap (D:4)
  Jessica (D:2)
  Ijyb (D:3)
  3 iguanas
  An orc wizard (D:4)
  7 adders
  A worm (D:3)
  A dart slug (D:4)
  25 orcs
  4 bats
  4 endoplasms
  2 giant cockroaches
  5 goblins
  6 hobgoblins
  3 quokkas
  10 ball pythons
  6 frilled lizards
  4 kobolds
  A rat (D:2)
97 creatures vanquished.

Notes
Turn   | Place    | Note
-------+----------+-------------------------------------------
     0 | D:1      | BinkBink the Deep Elf Air Elementalist began the quest for
                  | the Orb.
     0 | D:1      | Reached XP level 1. HP: 10/10 MP: 6/6
   454 | D:1      | Reached XP level 2. HP: 15/15 MP: 6/8
   891 | D:2      | Noticed Jessica
   895 | D:2      | Killed Jessica
   896 | D:2      | Reached XP level 3. HP: 19/19 MP: 5/10
  1339 | D:2      | Reached skill level 4 in Spellcasting
  1410 | D:2      | Found Nisu's Weapon Shoppe.
  2219 | D:3      | Reached XP level 4. HP: 24/24 MP: 1/12
  2726 | D:3      | Noticed Ijyb
  2736 | D:3      | Killed Ijyb
  2823 | D:3      | Learned a level 3 spell: Swiftness
  2835 | D:3      | Reached XP level 5. HP: 28/28 MP: 11/14
  3396 | D:4      | Reached skill level 5 in Spellcasting
  3397 | D:4      | Reached XP level 6. HP: 20/32 MP: 8/16
  3796 | D:4      | Reached skill level 5 in Air Magic
  3797 | D:4      | Reached skill level 6 in Spellcasting
  4102 | D:5      | Entered Level 5 of the Dungeon
  4128 | D:5      | Noticed Blork the orc
  4137 | D:5      | Killed Blork the orc
  4138 | D:5      | Reached XP level 7. HP: 36/36 MP: 9/18
  4210 | D:5      | Noticed Prince Ribbit
  4216 | D:5      | HP: 1/36 [hound (4)]
  4251 | D:5      | Killed Prince Ribbit
  4252 | D:5      | Reached skill level 7 in Spellcasting
  4252 | D:5      | Reached skill level 5 in Conjurations
  4576 | D:5      | Found a blossoming altar of Fedhas.
  4593 | D:5      | Reached XP level 8. HP: 41/41 MP: 15/21
  4846 | D:5      | Found a runed translucent door.
  4847 | D:5      | Noticed Crazy Yiuf
  4989 | D:5      | HP: 1/41 [poisoned by a water moccasin]
  4989 | D:5      | Slain by a water moccasin

Illustrated notes

Levels and vault maps discovered:
D:1:      nagdon_arrival_double_spiral, layout_loops_ring
D:2:      layout_rooms, serial_shops, shop, serial_co_window_serial,
          co_window_of_opportunity_a, co_window_paths_b,
          co_window_of_opportunity_a, co_window_paths_b, co_window_corner_a,
          co_window_paths_a, co_window_paths_a, co_window_corner_a,
          co_window_of_opportunity_a, co_window_paths_c,
          co_window_of_opportunity_b, co_window_broadway_c, co_window_corner_ca,
          co_window_broadway_c, co_window_corner_b, co_window_paths_c,
          co_window_4corner_a, uniq_jessica
D:3:      layout_rooms, nrook_loot_triangle, uniq_ijyb
D:4:      layout_basic, minmay_misc_feat_square
D:5:      layout_loops_ring, mainiacjoe_overflow_catwalk, uniq_blork_the_orc,
          uniq_prince_ribbit1, uniq_crazy_yiuf_cottage

Skill      XL: |  1  2  3  4  5  6  7 |
---------------+----------------------+-----
Conjurations   | 2 3 4 5 |  5.9
Spellcasting   | 4 5 6 7 |  7.7
Air Magic      | 4 5 6 |  6.2
Dodging        | |  2.4
Stealth        | |  2.4

Action                     |  1- 3 |  4- 6 |  7- 9 || total
---------------------------+-------+-------+-------++-------
   Cast: Shock             |    59 |   122 |    58 ||   239
         Swiftness         |       |     1 |     2 ||     3
    Use: Scroll            |       |       |     4 ||     4
         Potion            |       |       |     3 ||     3
 Armour: Robe              |     4 |    10 |    18 ||    32
  Dodge: Dodged            |     2 |    10 |    17 ||    29

Table legend: (Time is in decaauts)
 A = Elapsed time spent in this place.
 B = Non-inter-level travel time spent in this place.
 C = Inter-level travel time spent in this place.
 D = Time resting spent in this place.
 E = Time spent auto-exploring this place.
 F = Levels seen in this place.
 G = Mean time per level.
                   A        B        C        D        E       F      G
               +--------+--------+--------+--------+--------+-----+--------+
         Total |   4986 |   4813 |    173 |     87 |   4237 |   5 |  997.2 |
       Dungeon |   4986 |   4813 |    173 |     87 |   4237 |   5 |  997.2 |
               +--------+--------+--------+--------+--------+-----+--------+

Top non-repeatable levels by time:
     D:2: 1278 daAuts
     D:3: 1051 daAuts
     D:4: 915 daAuts
     D:5: 885 daAuts
     D:1: 855 daAuts
